[Event "Titled Tuesday Blitz May 23 Late 2023"]
[White "Martinez Alcantara, Jose Eduardo"]
[Black "Sethuraman, S.P."]
[WhiteFideId "3805662"]
[BlackFideId "5021596"]
[WhiteElo "2711"]
[BlackElo "2543"]
[Result "1-0"]
[Round "11"]
[TimeControl "180+2"]
[Date "2023.05.23"]
[WhiteClock "0:00:07"]
[BlackClock "0:00:00"]

1. e4 e5 2. Nf3 Nc6 3. Nc3 Nf6 4. h3 d5 5. exd5 Nxd5 6. Bb5 Nxc3 7. bxc3 Bd6 8. O-O O-O 9. d4 exd4 10. cxd4 a6 11. Bd3 h6 12. c3 Qf6 13. Nd2 Bf5 14. Ne4 Qg6 15. Qf3 Ne7 16. Re1 Rae8 17. Nxd6 cxd6 18. Bf1 Nc6 19. Ba3 Be4 20. Qf4 Re6 21. Bxd6 Rxd6 22. Qxe4 Qxe4 23. Rxe4 Rc8 24. Rb1 b5 25. a4 bxa4 26. Bxa6 Rc7 27. Bd3 g6 28. Ra1 Ne7 29. c4 Nc6 30. d5 Nb4 31. Bf1 Na6 32. Re2 Nc5 33. Rb2 Kg7 34. Rb5 Kf6 35. g3 Ke5 36. Rxc5 Rxc5 37. Rxa4 f5 38. Kg2 g5 39. Ra8 Kd4 40. Rf8 Ke5 41. Bd3 Kd4 42. Bxf5 Rxc4 43. Be6 Rc2 44. Rf6 h5 45. Rf5 g4 46. Rxh5 gxh3+ 47. Rxh3 Ke5 48. Rh5+ Kf6 49. Rf5+ Kg7 50. Rf4 Rb6 51. g4 Rd2 52. Kg3 Rb1 53. Rf7+ Kg6 54. Rf4 Rg1+ 55. Kh2 Rf1 56. Kg2 Re1 57. Rf8 Kg7 58. Rf5 Kg6 59. Kg3 Rd3+ 60. f3 Rg1+ 61. Kf4 Rd4+ 62. Ke5 Rdd1 63. Rf6+ Kg7 64. Rf7+ Kg6 65. f4 Rge1+ 66. Kd6 1-0


[Site "https://www.chess.com"]

[Event "Titled Tuesday Blitz May 23 Late 2023"]
[White "Svane, Rasmus"]
[Black "Tatarinov, Dmitry"]
[WhiteFideId "4657101"]
[BlackFideId "24160067"]
[WhiteElo "2601"]
[BlackElo "2326"]
[Result "1-0"]
[Round "11"]
[TimeControl "180+2"]
[Date "2023.05.23"]
[WhiteClock "0:01:45"]
[BlackClock "0:01:03"]

1. Nf3 d5 2. g3 Nd7 3. d4 Nb6 4. Nc3 Nf6 5. Bg2 h6 6. a4 a5 7. Qd3 e6 8. e4 Bb4 9. e5 Ne4 10. O-O Nxc3 11. bxc3 Be7 12. Nd2 c5 13. dxc5 Bxc5 14. Qb5+ Nd7 15. c4 dxc4 16. Ne4 Be7 17. Rd1 O-O 18. Be3 Qc7 19. Nd6 Rb8 20. Nxc8 1-0


[Site "https://www.chess.com"]

[Event "Titled Tuesday Blitz May 23 Late 2023"]
[White "Zakhartsov, Vladimir"]
[Black "Kleiman, Jake"]
[WhiteFideId "4145097"]
[BlackFideId "2020041"]
[WhiteElo "2495"]
[BlackElo "2657"]
[Result "1-0"]
[Round "11"]
[TimeControl "180+2"]
[Date "2023.05.23"]
[WhiteClock "0:00:03"]
[BlackClock "0:00:03"]

1. e4 e5 2. Nf3 Nc6 3. Nc3 Nf6 4. a3 Be7 5. d4 exd4 6. Nxd4 d6 7. Bf4 O-O 8. Qd2 Bd7 9. O-O-O Nxd4 10. Qxd4 Bc6 11. f3 Nd7 12. Qd2 f5 13. exf5 Rxf5 14. Kb1 Ne5 15. Nd5 Bf8 16. h4 Kh8 17. Bg5 Qd7 18. Ne3 Rf7 19. f4 Ng4 20. Bc4 Nxe3 21. Qxe3 d5 22. Bd3 Bd6 23. h5 h6 24. Qd4 Kg8 25. Bh4 Rxf4 26. Qc3 Raf8 27. Bg6 Qg4 28. Qg3 d4 29. Qb3+ Kh8 30. Bg3 R4f6 31. Bxd6 Rxd6 32. Rhf1 Rfd8 33. g3 Qg5 34. Qf7 Qd5 35. Qxc7 R6d7 36. Qf4 Qd6 37. Qg4 Bd5 38. Bd3 Bg8 39. Qf4 Qe7 40. g4 Rd6 41. Rg1 Rf6 42. Qe4 Qxe4 43. Bxe4 Rf4 44. Bxb7 Rf2 45. Be4 Re8 46. Bd3 Re5 47. Rde1 Rg5 48. Bf5 Bf7 49. Rgf1 Rg2 50. Re7 Kg8 51. Rxa7 Bd5 52. Rd7 Bc4 53. Bg6 Rd5 54. Rxd5 Bxd5 55. Rd1 Rxg4 56. c3 dxc3 57. Rxd5 Rg1+ 58. Kc2 Rg2+ 59. Kxc3 1-0


[Site "https://www.chess.com"]

[Event "Titled Tuesday Blitz May 23 Late 2023"]
[White "Duda, Jan-Krzysztof"]
[Black "Zemlyanskii, Ivan"]
[WhiteFideId "1170546"]
[BlackFideId "24249971"]
[WhiteElo "2790"]
[BlackElo "2421"]
[Result "1-0"]
[Round "11"]
[TimeControl "180+2"]
[Date "2023.05.23"]
[WhiteClock "0:01:25"]
[BlackClock "0:00:01"]

1. Nf3 d5 2. g3 Nf6 3. Bg2 c5 4. O-O e6 5. c4 d4 6. e3 Nc6 7. exd4 cxd4 8. d3 Bd6 9. Bg5 h6 10. Bxf6 Qxf6 11. Nbd2 Qe7 12. a3 a5 13. Qa4 Ra6 14. Nxd4 Bd7 15. Nxc6 bxc6 16. b4 O-O 17. c5 Be5 18. Rab1 Rfa8 19. Qd1 axb4 20. axb4 Rb8 21. Nf3 Bc3 22. Qc1 Qf6 23. d4 Bxb4 24. Qc4 Ra4 25. Ne5 Bc8 26. Nxc6 Ba6 27. Qc2 Bxf1 28. Bxf1 Rba8 29. Nxb4 Qxd4 30. Bg2 Rc8 31. Qxa4 Qxc5 32. Nc6 1-0


[Site "https://www.chess.com"]

[Event "Titled Tuesday Blitz May 23 Late 2023"]
[White "Matinian, Nikita"]
[Black "Andreikin, Dmitry"]
[WhiteFideId "24129100"]
[BlackFideId "4158814"]
[WhiteElo "2422"]
[BlackElo "2736"]
[Result "0-1"]
[Round "11"]
[TimeControl "180+2"]
[Date "2023.05.23"]
[WhiteClock "0:00:01"]
[BlackClock "0:00:10"]

1. e4 Nc6 2. Nc3 e5 3. Bc4 Nf6 4. d3 Bb4 5. Ne2 d5 6. exd5 Nxd5 7. O-O Be6 8. Ne4 Be7 9. N2c3 Nxc3 10. Nxc3 Bxc4 11. dxc4 Qxd1 12. Rxd1 Nd4 13. Nd5 Rc8 14. c3 Nf5 15. g4 Nd6 16. b3 f6 17. Be3 b6 18. a4 Nb7 19. b4 Bd8 20. a5 bxa5 21. bxa5 c6 22. a6 Na5 23. Nb4 c5 24. Rxd8+ Kxd8 25. Rxa5 cxb4 26. cxb4 Rxc4 27. Bxa7 Rxb4 28. h3 Kd7 29. Be3 Ra8 30. a7 Rb7 31. Ra6 Rc7 32. Kg2 Rc6 33. Ra5 g6 34. Kf3 Ke6 35. Rb5 f5 36. Rb8 Rc8 37. Rb6+ Kd7 38. Rb7+ Kc6 39. Rb6+ Kc7 40. Rf6 Rf8 41. Re6 Rae8 42. Ra6 f4 43. Bc5 e4+ 44. Ke2 Rg8 45. Bd6+ Kb7 46. Ra4 g5 47. Bb8 Ka8 48. Be5 Rxe5 0-1


[Site "https://www.chess.com"]

[Event "Titled Tuesday Blitz May 23 Late 2023"]
[White "Mirimanian, Hayk"]
[Black "Ibarra Jerez, Jose Carlos"]
[WhiteFideId "4700180"]
[BlackFideId "2226332"]
[WhiteElo "2280"]
[BlackElo "2638"]
[Result "0-1"]
[Round "11"]
[TimeControl "180+2"]
[Date "2023.05.23"]
[WhiteClock "0:00:01"]
[BlackClock "0:00:38"]

1. e4 c5 2. Nf3 e6 3. d4 cxd4 4. Nxd4 Bc5 5. Nb3 Bb6 6. c4 Ne7 7. Nc3 O-O 8. Be2 f5 9. O-O f4 10. c5 Bc7 11. Nb5 Be5 12. Nd6 Nbc6 13. Nc4 Ng6 14. Nxe5 Ncxe5 15. f3 b6 16. Kh1 Qg5 17. Bd2 bxc5 18. Nxc5 d6 19. Nb3 Rb8 20. Rc1 h6 21. Be1 Nh4 22. Bxh4 Qxh4 23. Qxd6 Nd7 24. Rxc8 Rbxc8 25. Qxd7 Rc2 26. Qxe6+ Kh8 27. Bd3 Rxb2 28. Nc5 Qg5 29. Qg4 Qxc5 30. e5 Rb6 31. Re1 Qc3 32. Rd1 Qxd3 0-1


[Site "https://www.chess.com"]

[Event "Titled Tuesday Blitz May 23 Late 2023"]
[White "Zhigalko, Sergei"]
[Black "Rosen, Eric"]
[WhiteFideId "13502956"]
[BlackFideId "2032562"]
[WhiteElo "2626"]
[BlackElo "2331"]
[Result "1-0"]
[Round "11"]
[TimeControl "180+2"]
[Date "2023.05.23"]
[WhiteClock "0:00:08"]
[BlackClock "0:00:06"]

1. e4 c5 2. c3 d5 3. exd5 Qxd5 4. d4 Nf6 5. Nf3 e6 6. Na3 Nc6 7. Be3 cxd4 8. Nb5 Qd8 9. Nbxd4 Nd5 10. Bd3 Nxe3 11. fxe3 Be7 12. Qc2 h6 13. O-O-O Bd7 14. Rhf1 Qa5 15. Kb1 O-O-O 16. Be4 Bf6 17. Nxc6 Bxc6 18. Bxc6 bxc6 19. Nd4 Qb6 20. Qa4 Kb7 21. Nb3 Rd5 22. e4 Rxd1+ 23. Rxd1 Rd8 24. Na5+ Kc7 25. Nc4 Rxd1+ 26. Qxd1 Qc5 27. Qe2 Qg1+ 28. Kc2 Qxh2 29. Qf2 Kb7 30. Na5+ Ka8 31. Nxc6 Qc7 32. Qc5 Be7 33. Qxe7 Qxc6 34. Qf8+ Kb7 35. Qxf7+ Kb6 36. Qf2+ Kc7 37. Qxa7+ Kd6 38. Qd4+ Kc7 39. Qxg7+ Kc8 40. Qh8+ Kb7 41. Qg7+ Ka8 42. Qd4 h5 43. g3 h4 44. gxh4 e5 45. Qd5 Qb7 46. Qxb7+ Kxb7 47. h5 Kc6 48. h6 Kd6 49. h7 Kc6 50. h8=Q Kc5 51. Qxe5+ Kc4 52. Qd5# 1-0


[Site "https://www.chess.com"]

[Event "Titled Tuesday Blitz May 23 Late 2023"]
[White "Bernabeu Lopez, Carlos Javier"]
[Black "Fridman, Daniel"]
[WhiteFideId "2235366"]
[BlackFideId "11600454"]
[WhiteElo "2344"]
[BlackElo "2525"]
[Result "0-1"]
[Round "11"]
[TimeControl "180+2"]
[Date "2023.05.23"]
[WhiteClock "0:00:53"]
[BlackClock "0:00:20"]

1. e4 c6 2. Nc3 d5 3. Nf3 Bg4 4. h3 Bh5 5. d3 Nf6 6. Be2 e6 7. O-O Bb4 8. e5 Nfd7 9. d4 O-O 10. Nb1 Be7 11. c3 c5 12. Be3 Nc6 13. Nbd2 Bg6 14. Re1 Qb6 15. Qb3 c4 16. Qxb6 axb6 17. a3 b5 18. Rac1 Nb6 19. Bd1 Na4 20. Bxa4 bxa4 21. Bg5 Ra6 22. Bxe7 Nxe7 23. Nf1 Rb6 24. Re2 Ra8 25. Ne1 Ra5 26. Rd1 Rab5 27. Rdd2 Nc6 28. f3 Na5 29. Rf2 f6 30. exf6 gxf6 31. g4 Kf7 32. h4 h6 33. Ng2 Bb1 34. Nf4 Nc6 35. Rfe2 Ne7 36. Ng3 Bd3 37. Rf2 e5 38. dxe5 fxe5 39. Ng2 Ke8 40. Ne1 e4 41. Nxd3 exd3 42. f4 Re6 43. Kf1 Re3 44. Kg2 Ng6 45. h5 Ne7 46. Rf3 Re1 47. Rf1 Rxf1 48. Kxf1 Rb6 49. Kf2 Kf7 50. Ke3 Re6+ 51. Kd4 b6 52. Rf2 Re1 53. g5 Ke6 54. f5+ Kd6 55. Ne2 Rxe2 0-1


[Site "https://www.chess.com"]

[Event "Titled Tuesday Blitz May 23 Late 2023"]
[White "Arabidze, Meri"]
[Black "Krzyzanowski, Marcin"]
[WhiteFideId "13604040"]
[BlackFideId "1132199"]
[WhiteElo "2405"]
[BlackElo "2471"]
[Result "1-0"]
[Round "11"]
[TimeControl "180+2"]
[Date "2023.05.23"]
[WhiteClock "0:00:40"]
[BlackClock "0:00:02"]

1. d4 Nf6 2. c4 d6 3. g3 e5 4. Bg2 Nbd7 5. Nf3 g6 6. O-O Bg7 7. Nc3 O-O 8. e4 h6 9. Re1 Re8 10. h3 exd4 11. Nxd4 Nc5 12. f3 c6 13. Be3 h5 14. Qd2 a5 15. Rad1 Ne6 16. Nxe6 Bxe6 17. b3 Nd7 18. Bd4 Bf8 19. f4 f5 20. exf5 Bxf5 21. Ne4 a4 22. b4 a3 23. Ba1 Bxe4 24. Bxe4 Kh7 25. Qd3 Kh6 26. Bxg6 Rxe1+ 27. Rxe1 Qb6+ 28. Kg2 Qxb4 29. Bxh5 Kxh5 30. Qh7+ Bh6 31. Qf5+ Bg5 32. Qxg5# 1-0


[Site "https://www.chess.com"]

[Event "Titled Tuesday Blitz May 23 Late 2023"]
[White "Panesar Vedant"]
[Black "Melikyan, Gnel"]
[WhiteFideId "35033018"]
[BlackFideId "54109990"]
[WhiteElo "2347"]
[BlackElo "2138"]
[Result "1-0"]
[Round "11"]
[TimeControl "180+2"]
[Date "2023.05.23"]
[WhiteClock "0:01:12"]
[BlackClock "0:00:00"]

1. e4 c5 2. Nf3 Nc6 3. d4 cxd4 4. Nxd4 Nf6 5. Nc3 d6 6. Bg5 e6 7. Qd2 Be7 8. O-O-O Nxd4 9. Qxd4 a6 10. f4 h6 11. Bh4 Qc7 12. Bxf6 gxf6 13. f5 Bd7 14. g3 Rc8 15. Bh3 b5 16. Rhf1 e5 17. Qd2 Bc6 18. Rf2 h5 19. Kb1 Qb7 20. Bg2 b4 21. Nd5 Bxd5 22. Qxd5 Qb6 23. Rfd2 Kf8 24. Bf1 Kg7 25. Bc4 Rhf8 26. Bb3 a5 27. Qd3 Qc6 28. Bd5 Qc5 29. h4 a4 30. Qf3 Rh8 31. g4 a3 32. gxh5 Rh7 33. Rg2+ Kh8 34. Qg4 Qc7 35. Rdg1 Qb8 36. h6 axb2 37. Qh5 b3 38. Bxb3 Qa7 39. Rg7 Rf8 40. Qg4 1-0


[Site "https://www.chess.com"]

[Event "Titled Tuesday Blitz May 23 Late 2023"]
[White "Papasimakopoulos, Alexandros"]
[Black "Adewumi, Tanitoluwa"]
[WhiteFideId "4244125"]
[BlackFideId "30966396"]
[WhiteElo "2359"]
[BlackElo "2601"]
[Result "1-0"]
[Round "11"]
[TimeControl "180+2"]
[Date "2023.05.23"]
[WhiteClock "0:00:08"]
[BlackClock "0:00:02"]

1. d4 Nf6 2. c4 e6 3. Nc3 Bb4 4. e3 c6 5. Bd2 d5 6. Nf3 O-O 7. Bd3 Nbd7 8. O-O Re8 9. Qc2 b6 10. cxd5 exd5 11. Ne2 Bxd2 12. Qxc6 Rb8 13. Nxd2 Bb7 14. Qa4 a6 15. Rac1 b5 16. Qb4 a5 17. Qd6 Re6 18. Qc7 b4 19. Qxd8+ Rxd8 20. Nf4 Rd6 21. Nb3 g5 22. Nxa5 Ba6 23. Bxa6 Rxa6 24. Nc6 Rxc6 25. Rxc6 gxf4 26. exf4 Ra8 27. Ra1 Ne4 28. Rc7 Nb6 29. Rb7 Ra6 30. b3 Nc3 31. Kf1 Nb5 32. Rd1 Nc3 33. Rd2 Kg7 34. g4 Nc8 35. Rxb4 Nd6 36. a4 Nde4 37. Rc2 Nb1 38. Rb5 Ned2+ 39. Ke2 Ne4 40. Kd3 Na3 41. f3 Nxc2 42. fxe4 Na3 43. Rxd5 Rb6 44. Kc3 Nb1+ 45. Kc2 Na3+ 46. Kb2 Nc4+ 47. Kc3 Ne3 48. Rb5 Rc6+ 49. Kb4 Nc2+ 50. Ka5 Nxd4 51. Rb7 Rc5+ 52. Ka6 Rc3 53. b4 Ra3 54. a5 Nc6 55. Rb6 Nd4 56. e5 Kf8 57. f5 Ke7 58. Rb7+ Ke8 59. Rb8+ Kd7 60. Rb7+ Kc6 61. Rxf7 Rb3 62. Rf6+ Kc7 63. Rf7+ Kc6 64. Rxh7 Rxb4 65. Rh6+ Kc7 66. Rb6 Ra4 67. e6 Nc6 68. Rb5 Nb8+ 69. Rxb8 Kxb8 70. e7 Re4 71. f6 Re6+ 72. Kb5 Kc7 73. f7 Re5+ 74. Kc4 Re4+ 75. Kd3 Rxe7 76. f8=Q Rd7+ 77. Kc4 Rd1 78. Qc5+ Kb8 79. Qb6+ Ka8 80. Qc6+ Ka7 81. Qc7+ Ka8 82. Qc5 Rc1+ 83. Kb5 Rb1+ 84. Kc6 Rb7 85. Qd5 Ka7 86. a6 Rb6+ 87. Kc7 Rc6+ 88. Kxc6 Ka8 89. Kb6+ Kb8 90. a7+ Kc8 91. a8=Q# 1-0


[Site "https://www.chess.com"]

[Event "Titled Tuesday Blitz May 23 Late 2023"]
[White "Jaracz, Pawel"]
[Black "ArrestingPieces"]
[WhiteFideId "1102222"]
[WhiteElo "2438"]
[BlackElo "2525"]
[Result "1-0"]
[Round "11"]
[TimeControl "180+2"]
[Date "2023.05.23"]
[WhiteClock "0:00:06"]
[BlackClock "0:00:03"]

1. d4 d5 2. c4 e6 3. Nc3 Be7 4. Nf3 Nf6 5. Bf4 O-O 6. a3 c5 7. dxc5 Bxc5 8. e3 Nc6 9. Qc2 Qa5 10. Rd1 Be7 11. Be2 dxc4 12. Bxc4 e5 13. Bg3 Bg4 14. O-O Rad8 15. Rxd8 Rxd8 16. Qb3 Bxf3 17. gxf3 Qb6 18. Bxf7+ Kh8 19. Qxb6 axb6 20. Rd1 Rf8 21. Bc4 h5 22. Bb5 Rd8 23. Rxd8+ Bxd8 24. Bxc6 bxc6 25. Bxe5 Nd7 26. f4 Kg8 27. Kg2 Kf7 28. Kf3 g5 29. Ke4 Nc5+ 30. Kf5 gxf4 31. exf4 Nd3 32. Ne4 Be7 33. Ng5+ Ke8 34. Ke6 Nc5+ 35. Kf5 Nd3 36. Ne4 Kf7 37. Ng3 h4 38. Ne4 Ke8 39. Kg4 Kd7 40. Kf5 Ke8 41. f3 Kd7 42. Ng5 Ne1 43. Kg4 b5 44. Bc3 c5 45. Bxe1 1-0


[Site "https://www.chess.com"]

[Event "Titled Tuesday Blitz May 23 Late 2023"]
[White "Naroditsky, Daniel"]
[Black "Sivakumar, Shaaketh"]
[WhiteFideId "2026961"]
[BlackFideId "30940176"]
[WhiteElo "2633"]
[BlackElo "2174"]
[Result "1-0"]
[Round "11"]
[TimeControl "180+2"]
[Date "2023.05.23"]
[WhiteClock "0:01:41"]
[BlackClock "0:01:16"]

1. d4 e6 2. Nc3 b6 3. e4 Bb7 4. Bd3 Bb4 5. Ne2 Nf6 6. O-O Bxc3 7. Nxc3 c5 8. d5 O-O 9. Bg5 h6 10. Bh4 d6 11. f4 Nbd7 12. dxe6 fxe6 13. Bc4 Qe8 14. Qxd6 Rd8 15. Qxe6+ Kh8 16. e5 Nh5 17. Bxd8 Qxd8 18. Rad1 Nxf4 19. Qxd7 Nh3+ 20. Qxh3 Qd4+ 21. Rxd4 1-0


[Site "https://www.chess.com"]

[Event "Titled Tuesday Blitz May 23 Late 2023"]
[White "Fernandez Guillen, Ernesto J."]
[Black "Cordova, Emilio"]
[WhiteFideId "3512428"]
[BlackFideId "3801497"]
[WhiteElo "2429"]
[BlackElo "2607"]
[Result "0-1"]
[Round "11"]
[TimeControl "180+2"]
[Date "2023.05.23"]
[WhiteClock "0:00:03"]
[BlackClock "0:00:49"]

1. e4 c5 2. Nf3 b6 3. Nc3 Bb7 4. d4 cxd4 5. Nxd4 a6 6. Bd3 d6 7. Be3 e6 8. f4 Nd7 9. Qf3 b5 10. O-O-O Ngf6 11. g4 h6 12. Kb1 Rc8 13. h4 Rxc3 14. bxc3 Nc5 15. Qf1 Nfxe4 16. Qe1 Qa5 17. Ne2 Na4 18. Bd4 Nec5 19. Rh3 Bd5 20. Nc1 Nxd3 21. Rhxd3 Bc4 22. Nb3 Qc7 23. Re3 Be7 24. g5 hxg5 25. hxg5 Rh2 26. Qg1 Re2 27. Re1 Rxe1+ 28. Qxe1 g6 29. Qh4 Qc6 30. Qh8+ Kd7 31. Qg8 Qh1+ 32. Nc1 Bxa2+ 33. Kxa2 Qxc1 34. c4 Qxc2+ 35. Ka1 Qd1+ 36. Ka2 Qd2+ 37. Kb1 Qxd4 0-1


[Site "https://www.chess.com"]

[Event "Titled Tuesday Blitz May 23 Late 2023"]
[White "Rustemov, Alexander"]
[Black "Tejedor Fuente, Enrique"]
[WhiteFideId "4119002"]
[BlackFideId "2299100"]
[WhiteElo "2852"]
[BlackElo "2496"]
[Result "1/2-1/2"]
[Round "11"]
[TimeControl "180+2"]
[Date "2023.05.23"]
[WhiteClock "0:00:06"]
[BlackClock "0:00:03"]

1. d4 Nf6 2. c4 d6 3. Nf3 g6 4. g3 b6 5. Bg2 Bb7 6. O-O e6 7. d5 Bg7 8. Nc3 O-O 9. e4 a5 10. h3 exd5 11. exd5 Nbd7 12. Be3 Ba6 13. b3 Ng4 14. Bd4 Nge5 15. Nxe5 Nxe5 16. f4 Nd7 17. Bxg7 Kxg7 18. Ne4 Re8 19. Qd4+ f6 20. Ng5 Nc5 21. Rae1 Qd7 22. Ne6+ Nxe6 23. dxe6 Qe7 24. Bxa8 Rxa8 25. g4 Kg8 26. f5 g5 27. Qd5 Rb8 28. Qc6 Bb7 29. Qd7 Qxd7 30. exd7 Kf7 31. Re6 Rd8 32. Rfe1 Rxd7 33. Re8 d5 34. cxd5 Bxd5 35. Kf2 a4 36. bxa4 Bxa2 37. Rh8 Kg7 38. Rc8 Bb3 39. Rc1 c5 40. a5 bxa5 41. R1xc5 a4 42. R8c7 Rxc7 43. Rxc7+ Kg8 44. Ra7 Bc2 45. Ke3 h5 46. gxh5 Bxf5 47. h4 gxh4 48. Kf4 h3 49. Kg3 Be6 50. h6 a3 51. Ra6 a2 52. Ra7 Bd5 53. Kxh3 a1=Q 54. Rxa1 Kh7 55. Kg4 Be6+ 56. Kh5 Bf7+ 57. Kg4 Kxh6 58. Kf5 Bb3 59. Kxf6 Kh7 60. Rb1 Bc2 61. Rb2 Bd3 62. Rd2 Bb1 63. Rd7+ Kh8 64. Kf7 Ba2+ 65. Kf8 Bb1 66. Rd1 Bg6 67. Rg1 Bf5 68. Kf7 Be4 69. Rg3 Bb1 70. Rh3+ Bh7 71. Rc3 Be4 72. Kf6 Bb1 73. Rc7 Bd3 74. Kg5 Bb1 75. Kh6 Kg8 76. Rg7+ Kf8 77. Rb7 Bc2 78. Rc7 Bb1 79. Kg5 Ke8 80. Kf6 Kd8 81. Rb7 Ba2 82. Ke5 Kc8 83. Rg7 Kd8 84. Ra7 Bb3 85. Kd6 Ke8 86. Rb7 Ba2 87. Re7+ Kf8 88. Ra7 Bb3 89. Ke5 Bc4 90. Kf6 Ke8 91. Re7+ Kd8 92. Ra7 Bb3 93. Ke5 Bc4 94. Rb7 Ba2 95. Rg7 Bb3 96. Rh7 Ba2 97. Kd6 Ke8 98. Rh2 Bb3 99. Re2+ Kf8 100. Rb2 Bc4 101. Rb4 Ba2 102. Rf4+ Kg7 103. Ke5 Bb3 104. Rf3 Ba2 105. Rf2 Bb3 106. Rf4 Ba2 107. Rg4+ Kf7 108. Rh4 Bb3 109. Rh3 1/2-1/2


[Site "https://www.chess.com"]

[Event "Titled Tuesday Blitz May 23 Late 2023"]
[White "Ilkhomi, Jaloliddin"]
[Black "Maksimovic, Bojan"]
[WhiteFideId "14700948"]
[BlackFideId "14408120"]
[WhiteElo "2045"]
[BlackElo "2468"]
[Result "0-1"]
[Round "11"]
[TimeControl "180+2"]
[Date "2023.05.23"]
[WhiteClock "0:01:30"]
[BlackClock "0:02:24"]

1. Nf3 g6 2. c4 Bg7 3. d4 Nf6 4. Nc3 d6 5. e4 O-O 6. Be2 Nbd7 7. O-O e5 8. h3 exd4 9. Nxd4 Re8 10. f3 Nh5 11. Re1 Qh4 12. Be3 Be5 13. Rf1 Qg3 14. f4 Qxe3+ 0-1


[Site "https://www.chess.com"]

[Event "Titled Tuesday Blitz May 23 Late 2023"]
[White "Rostovtsev, Dmitry"]
[Black "SergioMoralesG"]
[WhiteFideId "34278320"]
[WhiteElo "2344"]
[BlackElo "2547"]
[Result "0-1"]
[Round "11"]
[TimeControl "180+2"]
[Date "2023.05.23"]
[WhiteClock "0:01:06"]
[BlackClock "0:00:14"]

1. e4 g6 2. d4 Bg7 3. Nc3 c6 4. Nf3 d5 5. h3 dxe4 6. Nxe4 Nf6 7. Bd3 Nbd7 8. O-O Nxe4 9. Bxe4 Nf6 10. Bd3 O-O 11. Re1 Qc7 12. Bg5 h6 13. Bh4 e6 14. c4 Bd7 15. Qc2 Kh7 16. Bg3 Qb6 17. Rad1 c5 18. dxc5 Qxc5 19. Bd6 Qa5 20. Bxf8 Rxf8 21. Ne5 Be8 22. b3 Nh5 23. Bf1 Bxe5 24. b4 Qc7 25. c5 Bc6 26. Qe2 Bg7 27. Qe3 Qf4 28. a3 Qxe3 29. Rxe3 a6 30. g3 Nf6 31. Bg2 Bxg2 32. Kxg2 Nd5 33. Red3 Rc8 34. Rc1 Kg8 35. Kf3 Kf8 36. Re1 Rc6 37. h4 h5 38. Kg2 f5 39. Re2 Kf7 40. Re1 Bf8 41. Re2 a5 42. Rd4 axb4 43. axb4 b6 44. Rc4 bxc5 45. bxc5 Rxc5 46. Ra4 Be7 47. Ra7 Rc7 48. Ra6 Rd7 49. Raxe6 Nc3 50. Re1 Ne4 51. R6xe4 fxe4 52. Rxe4 Rd2 53. Rf4+ Kg7 54. Rf3 Bc5 55. Rf4 Rd5 56. Rf3 Rf5 57. Rxf5 gxf5 58. f3 Kf6 59. Kh3 Bd6 60. g4 hxg4+ 61. fxg4 f4 62. Kg2 Ke5 63. Kf3 Be7 64. g5 Kf5 65. g6 Bf8 66. h5 Bh6 67. Kf2 Kg4 68. Kg2 Kxh5 0-1


[Site "https://www.chess.com"]

[Event "Titled Tuesday Blitz May 23 Late 2023"]
[White "Przybylski, Wojciech"]
[Black "Dimitrov, Atanas"]
[WhiteFideId "1117599"]
[BlackFideId "2901315"]
[WhiteElo "2222"]
[BlackElo "2714"]
[Result "0-1"]
[Round "11"]
[TimeControl "180+2"]
[Date "2023.05.23"]
[WhiteClock "0:00:00"]
[BlackClock "0:00:04"]

1. e4 c5 2. Nf3 d6 3. Bb5+ Bd7 4. a4 Nf6 5. Bd3 Nc6 6. c3 g6 7. O-O Bg7 8. Re1 O-O 9. Bc2 Bg4 10. h3 Bxf3 11. Qxf3 Rc8 12. d3 Nd7 13. Nd2 e6 14. Qe2 d5 15. Nf3 Nde5 16. Nxe5 Nxe5 17. f4 Nc6 18. e5 Re8 19. Be3 d4 20. Bf2 Ne7 21. a5 dxc3 22. bxc3 Nd5 23. Qd2 b6 24. Ba4 Rf8 25. d4 cxd4 26. Bxd4 Qh4 27. axb6 axb6 28. Re4 Rfd8 29. Qf2 Qxf2+ 30. Bxf2 Nxc3 31. Rb4 b5 32. Rxb5 Ne2+ 33. Kh2 Nxf4 34. Bh4 Rd5 35. Bf6 Bxf6 36. exf6 Rxb5 37. Bxb5 Nd5 38. Rf1 h6 39. h4 g5 40. Bd3 Rc3 41. Be4 Nf4 42. hxg5 h5 43. Ra1 Rc8 44. Ra7 Ne2 45. Kh3 Nc3 46. Bf3 Nd5 47. Kh4 Nf4 48. Ra4 Ng6+ 49. Kxh5 Rc1 50. Ra8+ Kh7 51. Ra3 Rh1+ 52. Kg4 Rh4+ 53. Kg3 Rb4 54. Ra7 Ne5 55. Re7 Kg6 56. Re8 Kxg5 57. Ba8 Kxf6 58. Rh8 Rb3+ 59. Bf3 Kg7 60. Rc8 Ng6 61. Kf2 e5 62. Kg3 f5 63. Kf2 e4 64. Be2 Nf4 65. Rc7+ Kf6 66. Bf1 Kg5 67. Kg1 Rb2 68. Re7 Nd5 69. Re8 Ne3 0-1


[Site "https://www.chess.com"]

[Event "Titled Tuesday Blitz May 23 Late 2023"]
[White "Filipascu"]
[Black "Baskakov, Egor"]
[BlackFideId "24197866"]
[WhiteElo "2608"]
[BlackElo "2225"]
[Result "1-0"]
[Round "11"]
[TimeControl "180+2"]
[Date "2023.05.23"]
[WhiteClock "0:01:47"]
[BlackClock "0:01:05"]

1. c4 Nf6 2. Nc3 e6 3. e4 e5 4. Nf3 Nc6 5. Be2 Bc5 6. O-O d6 7. a3 a5 8. d3 O-O 9. Bg5 h6 10. Bh4 g5 11. Nxg5 hxg5 12. Bxg5 Be6 13. Nd5 Bxd5 14. cxd5 Nb8 15. Kh1 Nbd7 16. f4 exf4 17. Rxf4 Bd4 18. Bg4 Kg7 19. Bxd7 Qxd7 20. Bxf6+ Bxf6 21. Rg4+ Kh7 22. Qf3 Bg7 23. Qh3+ Bh6 24. Rg7+ Kxg7 25. Qxd7 Rac8 26. Rf1 c6 27. Qxd6 cxd5 28. Qxd5 Rc2 29. Qxa5 Kg8 30. Qh5 Bg7 31. h4 Rxb2 32. Qg5 Rb6 33. h5 Ra8 34. Qe7 Rf8 35. g4 Rb3 36. Qg5 Kh8 37. h6 Bd4 38. e5 Rb6 39. Qg7# 1-0


[Site "https://www.chess.com"]

[Event "Titled Tuesday Blitz May 23 Late 2023"]
[White "Licznerski, Lukasz"]
[Black "Fishbein, Alexander"]
[WhiteFideId "1179250"]
[BlackFideId "2000377"]
[WhiteElo "2453"]
[BlackElo "2415"]
[Result "1/2-1/2"]
[Round "11"]
[TimeControl "180+2"]
[Date "2023.05.23"]
[WhiteClock "0:00:05"]
[BlackClock "0:00:20"]

1. e4 c5 2. Nf3 d6 3. Bb5+ Bd7 4. Bxd7+ Nxd7 5. O-O Ngf6 6. Qe2 e6 7. b3 Be7 8. Bb2 O-O 9. c4 Re8 10. d4 cxd4 11. Nxd4 a6 12. Nc3 Qa5 13. f4 Qb6 14. Na4 Qa5 15. Kh1 Qh5 16. Nf3 b5 17. Nc3 bxc4 18. Qxc4 d5 19. exd5 Nb6 20. Qd4 Nbxd5 21. Nxd5 Qxd5 22. Rac1 Qxd4 23. Nxd4 Nd5 24. Nc6 Bd6 25. g3 Rac8 26. Be5 Bxe5 27. Nxe5 f6 28. Nc4 Red8 29. Kg1 Kf8 30. Rfd1 Ke7 31. a3 Rc7 32. Rd2 Rb8 33. b4 Rbc8 34. Rdc2 h5 35. Kf2 h4 36. Ne3 Rxc2+ 37. Rxc2 Rxc2+ 38. Nxc2 hxg3+ 39. hxg3 Kd6 40. Ke2 e5 41. fxe5+ Kxe5 42. Kd3 f5 43. Ne3 Nc7 44. Nc4+ Ke6 45. Na5 g5 46. Nb3 Kd5 47. Nd4 f4 48. gxf4 gxf4 49. Ne2 Ne6 50. Nc3+ Ke5 51. a4 Nd4 52. b5 axb5 53. Nxb5 Nxb5 54. axb5 Kd5 55. b6 Kc6 56. b7 Kxb7 57. Ke4 f3 58. Kxf3 1/2-1/2


[Site "https://www.chess.com"]

[Event "Titled Tuesday Blitz May 23 Late 2023"]
[White "Denishev, Marat"]
[Black "Mekhitarian, Krikor Sevag"]
[WhiteFideId "24131563"]
[BlackFideId "2107660"]
[WhiteElo "2311"]
[BlackElo "2604"]
[Result "0-1"]
[Round "11"]
[TimeControl "180+2"]
[Date "2023.05.23"]
[WhiteClock "0:00:02"]
[BlackClock "0:00:04"]

1. d4 d5 2. Nc3 c5 3. e4 dxe4 4. Bb5+ Bd7 5. dxc5 Nf6 6. Nge2 Qa5 7. Bxd7+ Nbxd7 8. O-O Qxc5 9. Ng3 Qc6 10. Qe2 e6 11. Ngxe4 Be7 12. Bf4 O-O 13. Rad1 Rac8 14. Rd2 Bb4 15. Rd3 Nxe4 16. Nxe4 e5 17. Bd2 Be7 18. Bc3 Rfd8 19. Rfd1 f6 20. Nd6 Rc7 21. Nf5 Bf8 22. Qg4 g6 23. Rd6 Bxd6 24. Rxd6 Qc4 25. Qg3 Qe4 26. Ne7+ Kf7 27. Nd5 Rc6 28. Rxc6 bxc6 29. Ne3 Nf8 30. h4 h5 31. Qh3 Ne6 32. Qg3 Nf4 33. Kh2 a6 34. a3 Nd5 35. Bd2 Nxe3 36. Bxe3 Qxc2 37. f4 Qf5 38. fxe5 fxe5 39. Bg5 Rd3 40. Qe1 Ke6 41. Qa5 Qe4 42. Qc7 Rd6 43. Qc8+ Kd5 44. Qg8+ Kd4 45. Qf8 Rd5 46. Qf2+ Kc4 47. Qf1+ Qd3 48. Qc1+ Kb5 49. a4+ Kxa4 50. Qxc6+ Qb5 51. Qc3 Qb4 52. Qc6+ Qb5 53. Qc3 Qb4 54. Qc7 Rb5 55. Qc2+ Qb3 56. Qc6 a5 57. Be7 Qd5 58. Qc2+ Rb3 59. Ba3 e4 60. Qe2 Qe5+ 61. Kh1 Qd5 62. Qf1 Rd3 63. Qf8 Rd1+ 64. Kh2 Qe5+ 65. g3 Rd2+ 66. Kh1 Qd5 67. Qe8+ Kb3 68. Qb8+ Ka2 69. Qf4 e3+ 70. Kg1 Qg2# 0-1


[Site "https://www.chess.com"]